 Dungeon Crawl Stone Soup version 0.26.1-10-gdfb7c7de75 (webtiles) character file.

Game seed: 13594140624899673793

9921 ytrimaz the Severer (level 11, -12/104 HPs)
             Began as a Minotaur Berserker on Apr 9, 2021.
             Was a High Priest of Trog.
             Mangled by a titanic slime creature (24 damage)
             ... on level 13 of the Dungeon on Apr 10, 2021.
             The game lasted 00:18:16 (13695 turns).

ytrimaz the Severer (Minotaur Berserker)           Turns: 13695, Time: 00:18:16

Health: -12/104    AC:  6    Str: 24      XL:     11   Next: 29%
Magic:  19/19      EV: 12    Int:  4      God:    Trog [*****.]
Gold:   414        SH:  0    Dex: 10 (11) Spells: 10/10 levels left

rFire    . . .     SeeInvis .   w - +0 broad axe
rCold    . . .     Faith    .   (no shield)
rNeg     . . .     Spirit   .   b - +1 animal skin
rPois    .         Reflect  .   x - +0 hat
rElec    .         Harm     .   (no cloak)
rCorr    .         Rampage  .   o - +0 pair of gloves
Will     .....                  q - +0 pair of boots
Stlth    +.........             (no amulet)
HPRegen  0.27/turn              s - ring of flight
MPRegen  0.16/turn              j - ring of magical power

@: berserk cooldown, slowed, very slow
A: retaliatory headbutt, horns 2
a: Renounce Religion, Evoke Flight, Berserk, Trog's Hand, Brothers in Arms


You were on level 13 of the Dungeon.
You worshipped Trog.
Trog was extremely pleased with you.
You visited 1 branch of the dungeon, and saw 11 of its levels.

You collected 489 gold pieces.
You spent 75 gold pieces at shops.

Inventory:

Hand Weapons
 a - a +1 hand axe
 k - a +3 war axe
 w - a +0 broad axe (weapon)
Armour
 b - a +1 animal skin (worn)
 o - a +0 pair of gloves (worn)
 q - a +0 pair of boots (worn)
 r - a +0 tower shield
 x - a +0 hat (worn)
Jewellery
 j - a ring of magical power (right hand)
 s - a ring of flight (left hand)
Wands
 v - a wand of flame (14)
 y - a wand of enslavement (8)
Scrolls
 d - 4 scrolls of teleportation
 e - 3 scrolls of identify
 l - 3 scrolls of remove curse
 m - 2 scrolls of enchant weapon
Potions
 c - 2 potions of invisibility
 g - a potion of might
 h - 3 potions of flight
 i - a potion of curing
 n - 2 potions of lignification
 p - a potion of mutation
 t - a potion of berserk rage
 u - 4 potions of ambrosia {unknown}
 z - a potion of heal wounds


   Skills:
 + Level 11.9 Fighting
 * Level 15.7 Axes
 * Level 7.4 Armour
 - Level 2.1 Dodging


You had 10 spell levels left.
You didn't know any spells.
Your spell library was empty.

Dungeon Overview and Level Annotations

Branches:
Dungeon (10/15)            Temple (0/1) D:7            Lair (0/6) D:9
    Orc: D:9-12

Altars:
Gozag
Hepliaklqana
Kikubaaqudgha
Qazlal
Sif Muna
Trog
Uskayaw

Shops:
D:5 ?   D:8 :

Annotations:
D:9 5 transporters


Innate Abilities, Weirdness & Mutations

You reflexively headbutt those who attack you in melee.
You have a pair of horns on your head.


Message History

You slash the slime creature!
The slime creature is severely wounded.
You hit the slime creature. You slash the slime creature!
You slice the slime creature!!
You feel the power of Trog in you as your rage grows.
You kill the slime creature!
Trog accepts your kill.
You slash the slime creature! You barely miss the slime creature.
The slime creature hits you!
* * * LOW HITPOINT WARNING * * *
The slime creature barely misses you.
You feel a strong urge to attack something.
Two slime creatures merge to form a large slime creature.
You feel your anger nearly subside.
You are no longer berserk.
You are exhausted.
You feel yourself slow down.
Two slime creatures merge to form a titanic slime creature.
The titanic slime creature hits you!!
You die...

#+# #.# ##+## #.#
#..<..###########.#
#.(?..'........##.#
#.....########.##.#####
#.... #.@J.....# #...
####.###...+ #.. #.# #
#. #.# # ##.# #..# #.##
#.# #.#


You could see a titanic slime creature.

Vanquished Creatures
  2 two-headed ogres (D:9)
  3 death yaks (D:9)
  A queen bee (D:9)
  A slime creature (D:13)
  2 dream sheep (D:13)
  8 yaks
  Eustachio (D:5)
  A water moccasin (D:9)
  A hornet zombie (D:9)
  An orc warrior (D:9)
  2 ice beasts
  An eye of draining (D:8)
  3 sky beasts
  3 ogres (D:9)
  2 phantoms (D:9)
  4 centaurs
  Blork the orc (D:5)
  3 big kobolds
  6 bullfrogs
  A water moccasin zombie (D:6)
  21 killer bees (D:9)
  16 wights
  4 howler monkeys
  A bullfrog zombie (D:9)
  2 quasits
  A bullfrog skeleton (D:8)
  A jelly (D:6)
  2 orc priests
  A hound (D:9)
  7 orc wizards
  2 iguanas
  A worker ant (D:4)
  A killer bee zombie (D:9)
  A mummy (D:8)
  A worker ant zombie (D:10)
  7 gnolls (D:2)
  6 adders
  A white imp (D:7)
  An ufetubus (D:7)
  An ooze (D:7)
  2 adder skeletons
  An adder zombie (D:5)
  3 dart slugs
  4 leopard geckos
  19 orcs
  5 bats
  9 giant cockroaches
  7 goblins
  10 hobgoblins
  8 jackals
  2 quokkas
  2 ball pythons
  A frilled lizard (D:3)
  A giant cockroach zombie (D:6)
  14 kobolds
  2 quokka skeletons
  A quokka zombie (D:9)
  4 rats
220 creatures vanquished.

Vanquished Creatures (others)
  An orc (D:7)
  A plant (D:13)
  A withered plant (D:8)
3 creatures vanquished.

Grand Total: 223 creatures vanquished

Notes
Turn   | Place    | Note
-------+----------+-------------------------------------------
     0 | D:1      | ytrimaz the Minotaur Berserker began the quest for the Orb.
     0 | D:1      | Reached XP level 1. HP: 19/19 MP: 0/0
     2 | D:1      | Noticed a minotaur skeleton
   572 | D:1      | Reached skill level 4 in Axes
   572 | D:1      | Reached XP level 2. HP: 27/27 MP: 1/1
  1654 | D:2      | Reached XP level 3. HP: 34/34 MP: 2/2
  1663 | D:2      | Reached XP level 4. HP: 33/41 MP: 3/3
  1798 | D:2      | Reached ** piety under Trog
  1809 | D:2      | Reached skill level 5 in Fighting
  1812 | D:2      | Found a bloodstained altar of Trog.
  1812 | D:2      | Found a hazy altar of Hepliaklqana.
  1826 | D:2      | Found a stormy altar of Qazlal.
  2378 | D:2      | Found a hide-covered altar of Uskayaw.
  2602 | D:2      | Reached skill level 5 in Axes
  3386 | D:3      | Reached XP level 5. HP: 26/48 MP: 4/4
  4405 | D:4      | Reached skill level 6 in Axes
  4563 | D:4      | Found a shimmering blue altar of Sif Muna.
  4565 | D:4      | Reached *** piety under Trog
  5354 | D:5      | Entered Level 5 of the Dungeon
  5473 | D:5      | Noticed Blork the orc
  5478 | D:5      | Killed Blork the orc
  5479 | D:5      | Reached XP level 6. HP: 57/57 MP: 5/5
  5526 | D:5      | Noticed Eustachio
  5541 | D:5      | Killed Eustachio
  5542 | D:5      | Reached skill level 7 in Axes
  5671 | D:5      | Found Ezer's Magic Scroll Shoppe.
  5674 | D:5      | Bought a scroll of vulnerability for 75 gold pieces
  6043 | D:6      | Noticed a sky beast
  6051 | D:6      | Killed a sky beast
  6052 | D:6      | Reached XP level 7. HP: 64/64 MP: 6/6
  6290 | D:6      | Reached skill level 8 in Axes
  6405 | D:6      | Reached skill level 9 in Axes
  7664 | D:7      | Reached XP level 8. HP: 28/69 MP: 7/7
  8118 | D:7      | Reached skill level 10 in Axes
  8672 | D:7      | Reached **** piety under Trog
  8848 | D:7      | Found a staircase to the Ecumenical Temple.
  9051 | D:8      | Reached skill level 11 in Axes
  9051 | D:8      | Reached XP level 9. HP: 50/83 MP: 0/8
  9393 | D:8      | Found an ancient bone altar of Kikubaaqudgha.
  9556 | D:8      | Found a sand-covered staircase.
  9814 | D:8      | Found Niofoali's Book Emporium.
  9825 | D:8      | Found an opulent altar of Gozag.
  9830 | D:8      | Reached skill level 5 in Armour
  9841 | D:8      | Reached skill level 12 in Axes
  9953 | D:9      | Found a staircase to the Lair.
  9953 | D:9      | Noticed a death yak
  9954 | D:9      | Noticed a death yak
  9954 | D:9      | Noticed a death yak
  9979 | D:9      | Killed a death yak
  9980 | D:9      | Reached skill level 10 in Fighting
  9991 | D:9      | Killed a death yak
  9992 | D:9      | Reached skill level 13 in Axes
  9992 | D:9      | Reached XP level 10. HP: 14/94 MP: 9/9
  9997 | D:10     | Entered Level 10 of the Dungeon
 10385 | D:9      | Killed a death yak
 10559 | D:9      | HP: 3/94 [yak (7)]
 10564 | D:9      | Reached skill level 14 in Axes
 10863 | D:9      | Noticed a two-headed ogre
 10867 | D:9      | Killed a two-headed ogre
 11104 | D:9      | Reached ***** piety under Trog
 11918 | D:9      | Found a transporter.
 11941 | D:9      | Found a transporter.
 11941 | D:9      | Found a transporter.
 11962 | D:9      | Found a transporter.
 11971 | D:9      | Noticed a two-headed ogre
 11981 | D:9      | Killed a two-headed ogre
 11982 | D:9      | Reached skill level 15 in Axes
 12010 | D:9      | Reached XP level 11. HP: 36/102 MP: 10/10
 12256 | D:9      | Found a transporter.
 13583 | D:10     | You fall into a shaft and drop 3 floors!
 13583 | D:13     | Noticed a red ugly thing
 13586 | D:13     | Noticed a red ugly thing
 13695 | D:13     | Mangled by a titanic slime creature

Illustrated notes

Levels and vault maps discovered:
D:1:      shiori_arrival_whats_in_store_for_you, layout_basic, serial_rivers,
          chequers_serial_rivers_small_a, chequers_serial_rivers_micro_c,
          chequers_serial_rivers_large_a, chequers_serial_rivers_micro_a,
          chequers_serial_rivers_micro_b, minmay_ruptured
D:2:      layout_basic, bloody_trog, minitemple, serial_park_tiny_1
D:3:      layout_basic, minmay_strange_pillars
D:4:      layout_cave_pods, old_standard_altar, serial_co_window_serial,
          co_window_paths_b, co_window_corner_a, co_window_of_opportunity_a,
          co_window_paths_a, co_window_paths_a, co_window_corner_a,
          co_window_of_opportunity_a, co_window_corner_cb,
          co_window_unsneaky_path_e, co_window_paths_c, glass_columns_c,
          glass_columns_a, glass_columns_b, glass_columns_a
D:5:      layout_cave_pools, serial_shops, kennysheep_mini, uniq_blork_the_orc,
          uniq_eustachio
D:6:      layout_basic, minmay_microvault
D:7:      layout_rooms, minmay_temple_entry_from_below_a
D:8:      layout_basic, lemuel_round_altar, kiku_gazebo_garden_becter,
          serial_shops, shop, gup_ossuary_entry_pyramid
D:9:      gammafunk_the_bubble [the_bubble_gammafunk_roulette], layout_basic,
          dpeg_lair_monsters, minivault_7
D:10:     layout_irregular_city, nrook_mini_backslash, minmay_another_anthill
D:13:     layout_roguey, hangedman_ranch [blue_anna_fruit_fields]

Skill      XL: |  1  2  3  4  5  6  7  8  9 10 |
---------------+-------------------------------+-----
Axes           | 4 5 6 7 9 11 13 15 | 15.7
Fighting       | 4 5 6 7 9 10 11 | 11.9
Armour         | 3 4 6 7 |  7.4
Dodging        | |  2.1

Action                   |  1- 3 |  4- 6 |  7- 9 | 10-12 || total
-------------------------+-------+-------+-------+-------++-------
Melee: Hand axe          |    57 |   111 |    50 |       ||   218
       Headbutt          |     8 |    21 |    31 |    37 ||    97
       War axe           |       |       |    99 |       ||    99
       Broad axe         |       |       |    18 |   197 ||   215
Invok: Berserk           |     1 |     5 |     5 |     9 ||    20
       Trog's Hand       |       |       |     1 |       ||     1
  Use: Scroll            |     3 |    11 |     4 |     8 ||    26
       Potion            |       |       |     3 |     2 ||     5
Armor: Animal skin       |    22 |    26 |    42 |    49 ||   139
Dodge: Dodged            |    44 |    75 |   117 |   134 ||   370
